 Dungeon Crawl Stone Soup version 0.31-a0-229-g1fc7ce93e2 (webtiles) character file.

Game seed: 7300972576655753946

121 qw the Shooter (level 4, -6/37 HPs)
             Began as a Minotaur Hexslinger on July 6, 2023.
             Mangled by an ogre
             ... wielding a +0 giant club
              (12 damage)
             ... on level 4 of the Dungeon.
             The game lasted 00:00:55 (2600 turns).

qw the Shooter (Minotaur Hexslinger)                Turns: 2600, Time: 00:00:56

Health: -6/37      AC:  6    Str: 13    XL:     4   Next: 76%
Magic:  4/4        EV: 11    Int: 10    God:
Gold:   189        SH:  5    Dex: 14    Spells: 4/5 levels left

rFire   . . .        Y - +1 sling (drain)
rCold   + . .        (no shield)
rNeg    . . .        g - +0 ring mail
rPois   .            (helmet restricted)
rElec   .            (no cloak)
rCorr   .            (no gloves)
SInv    .            k - +0 pair of boots
Will    .....        m - amulet of reflection
Stlth   +            e - ring of protection from cold
HPRegen 0.26/turn    (no ring)
MPRegen 0.09/turn

%: reflection
@: about to teleport
A: horns 2, retaliatory headbutt
a: no special abilities


You were on level 4 of the Dungeon.
You visited 1 branch of the dungeon, and saw 4 of its levels.

You collected 189 gold pieces.


Innate Abilities, Weirdness & Mutations

You have a pair of horns on your head.
You reflexively headbutt those who attack you in melee.


   Skills:
 - Level 2.5 Fighting
 + Level 4.9 Ranged Weapons
 - Level 1.1 Armour
 - Level 2.1 Dodging
 - Level 1.0 Spellcasting
 - Level 2.0 Hexes


You had 4 spell levels left.
You knew the following spells:

 Your Spells              Type           Power      Damage    Failure   Level
a - Slow                  Hex            16%        N/A       32%         1

Your spell library contained the following spells:

 Spells                   Type           Power      Damage    Failure   Level
 Inner Flame              Hex/Fire       2%         N/A       82%         3
 Portal Projectile        Hex/Tloc       4%         N/A       82%         3
 Cause Fear               Hex            2%         N/A       97%         4

Inventory:

Hand Weapons
 Y - a +1 sling of draining (weapon)
Armour
 g - a +0 ring mail (worn)
 k - a +0 pair of boots (worn)
Jewellery
 e - a ring of protection from cold (left hand)
 m - an amulet of reflection (around neck)
Scrolls
 c - a scroll of identify
 i - 2 scrolls of teleportation
Potions
 d - a potion of attraction {unknown}
 f - 3 potions of curing
 h - a potion of heal wounds {unknown}
 l - a potion of haste {unknown}

Dungeon Overview and Level Annotations

Branches:
Dungeon (4/15)
 Temple: D:4-7

Altars:


Message History

The stone hits the kobold but does no damage.
You shoot a sling bullet. The sling bullet hits the kobold.
You kill the kobold!
An ogre comes into view. It is wielding a +0 giant club.
The ogre shouts!
Enter note:
Enter note:
Enter note: You shoot a sling bullet.
The sling bullet hits the ogre but does no damage.
An ogre is nearby!
Enter note:
Enter note:
Enter note: You shoot a sling bullet.
The sling bullet hits the ogre.
You drain the ogre.
The ogre is moderately wounded.
You shoot a sling bullet.
The sling bullet completely misses the ogre.
The ogre closely misses you.
You shoot a sling bullet.
The sling bullet barely misses the ogre.
The ogre barely misses you.
You shoot a sling bullet.
The sling bullet hits the ogre but does no damage.
The ogre is moderately wounded.
You shoot a sling bullet. The sling bullet hits the ogre.
The ogre is heavily wounded.
The ogre hits you with a +0 giant club!
You shoot a sling bullet.
The sling bullet barely misses the ogre.
The ogre hits you with a +0 giant club!!
Ouch! That really hurt!
2599 ||| READING 3 scrolls of teleportation.
As you read the scroll of teleportation, it crumbles to dust.
You feel strangely unstable. The ogre barely misses you.
You shoot a sling bullet. The sling bullet hits the ogre!
The ogre is severely wounded.
The ogre hits you with a +0 giant club!
You die...

...........#
##.##
####.#####.#
#.# .....#
#.# .#####
#.# .#
#.#####.# .#
#.......# .#
######..# .#
#..# .# #)@#
.# #.O.# .#
#.#.# ##
#.#.# ####
..... ....
#.. ### ####
#.# #.


You could see an ogre (drained).

Vanquished Creatures
  A gnoll (D:2)
  4 adders
  3 worms
  A dart slug (D:1)
  An orc (D:3)
  3 bats
  7 endoplasms
  A giant cockroach (D:3)
  6 goblins
  4 hobgoblins
  3 jackals (D:2)
  3 quokkas
  7 ball pythons
  3 frilled lizards (D:3)
  8 kobolds
  6 rats
61 creatures vanquished.

Notes
Turn   | Place    | Note
-------+----------+-------------------------------------------
     0 | D:1      | qw the Minotaur Hexslinger began the quest for the Orb.
     0 | D:1      | Reached XP level 1. HP: 16/16 MP: 1/1
     0 | D:1      | 0 ||| qw: Version: 0.3-a-46-gb1f654a
     0 | D:1      | 0 ||| qw: Game counter: 1209
     0 | D:1      | 0 ||| qw: Melee chars always use a shield: true
     0 | D:1      | 0 ||| qw: God list: Okawaru
     0 | D:1      | 0 ||| qw: Allow faded altars: false
     0 | D:1      | 0 ||| qw: Do Orc after clearing Dungeon:15 true
     0 | D:1      | 0 ||| qw: Do second Lair branch before Depths: true
     0 | D:1      | 0 ||| qw: Lair rune preference: random
     0 | D:1      | 0 ||| qw: Goals: Normal
     0 | D:1      | 0 ||| PLANNING D:1-11
   115 | D:1      | Found a faded altar of an unknown god.
   260 | D:1      | Reached skill level 3 in Ranged Weapons
   311 | D:1      | Reached XP level 2. HP: 23/23 MP: 2/2
   669 | D:1      | 669 ||| UPGRADING to +0 ring mail.
   679 | D:1      | 679 ||| DROPPING +0 robe.
   680 | D:1      | 680 ||| UPGRADING to +0 pair of boots.
   685 | D:1      | 685 ||| UPGRADING to ring of protection from cold.
   686 | D:1      | 686 ||| READING scroll labelled NAS BIUNEKKYU.
   687 | D:1      | 687 ||| READING scroll labelled UNNUTO DEBIMI.
   691 | D:1      | 691 ||| DRINKING 2 coppery potions.
   692 | D:1      | 692 ||| DROPPING scroll of poison.
   849 | D:2      | Reached XP level 3. HP: 30/30 MP: 3/3
  1642 | D:2      | Reached skill level 4 in Ranged Weapons
  1647 | D:2      | Reached skill level 1 in Armour
  1740 | D:2      | 1740 ||| READING scroll labelled NICHEILORHA.
  1855 | D:3      | Reached XP level 4. HP: 37/37 MP: 4/4
  2447 | D:3      | 2447 ||| UPGRADING to amulet of reflection.
  2452 | D:3      | 2452 ||| READING scroll labelled WIPHU HERE.
  2453 | D:3      | 2453 ||| READING 3 scrolls of identify.
  2453 | D:3      | 2453 ||| IDENTIFYING yellow potion
  2454 | D:3      | 2454 ||| READING 2 scrolls of identify.
  2454 | D:3      | 2454 ||| IDENTIFYING clear potion
  2455 | D:3      | 2455 ||| DROPPING potion of lignification.
  2456 | D:3      | 2456 ||| DROPPING potion of brilliance.
  2482 | D:4      | 2482 ||| PLANNING OSSUARY
  2590 | D:4      | Noticed an ogre
  2598 | D:4      | HP: 6/37 [ogre/+0 giant club (21)]
  2599 | D:4      | 2599 ||| READING 3 scrolls of teleportation.
  2600 | D:4      | Mangled by an ogre

Levels and vault maps discovered:
D:1:      ebering_hopf_link, layout_basic, basic_ecumenical_altar
D:2:      layout_basic, st_stairs_9
D:3:      layout_loops_cross
D:4:      layout_loops_ring, mainiacjoe_overflow_tiny_flanked,
          mainiacjoe_overflow_catwalk, enter_ossuary_3, kennysheep_donut,
          chequers_serial_rivers_micro_b, chequers_arboretum,
          chequers_serial_rivers_room_b

Skill      XL: |  1  2  3 |
---------------+----------+-----
Ranged Weapons | 3 4 |  4.9
Fighting       | 2 |  2.5
Armour         | 1 |  1.1
Dodging        | |  2.1
Spellcasting   | |  1.0
Hexes          | |  2.0

Action                     |  1- 3 |  4- 6 || total
---------------------------+-------+-------++-------
   Fire: Sling             |   127 |    84 ||   211
    Use: Scroll            |     3 |     4 ||     7
         Potion            |     1 |       ||     1
 Armour: Robe              |     2 |       ||     2
         Ring mail         |    24 |    14 ||    38
  Dodge: Dodged            |    31 |    24 ||    55
  Block: Other             |       |     1 ||     1
         Reflection        |       |     1 ||     1

Table legend:
 A = Non-vault XP
 B = Vault XP
 C = Vault XP percentage of total XP
 D = Non-vault monster count
 E = Vault monster count
 F = Vault count percentage of total count
                 A         B        C        D         E       F
            +---------+---------+-------+---------+---------+-------
      Total |     156 |      17 |   9.8 |      58 |       3 |   4.9
            +---------+---------+-------+---------+---------+-------
        D:1 |      19 |       0 |   0.0 |      10 |       0 |   0.0
        D:2 |      60 |      17 |  22.1 |      25 |       3 |  10.7
        D:3 |      54 |       0 |   0.0 |      17 |       0 |   0.0
        D:4 |      23 |       0 |   0.0 |       6 |       0 |   0.0
            +---------+---------+-------+---------+---------+-------
